 Dungeon Crawl Stone Soup version 0.31-a0-1202-ga8fea8b373 (webtiles) character file.

Game seed: 11691809955964763394

65 Inarius the Trooper (level 3, -3/30 HPs)
             Began as a Mummy Fighter on Dec 12, 2023.
             Slain by an orc priest
             ... wielding a +0 hand axe
              (5 damage)
             ... on level 3 of the Dungeon.
             The game lasted 00:02:08 (1590 turns).

Inarius the Trooper (Mummy Fighter)                 Turns: 1590, Time: 00:02:08

Health: -3/30      AC:  7    Str: 21    XL:     3   Next: 92%
Magic:  3/3        EV:  9    Int:  7    God:
Gold:   107        SH:  4    Dex: 11    Spells: 2/2 levels left

rFire   . . .        a - +0 war axe
rCold   . . .        c - +0 buckler
rNeg    + + +        b - +0 scale mail
rPois   ∞            e - +0 helmet
rElec   .            (no cloak)
rCorr   .            (no gloves)
SInv    .            (no boots)
Will    .....        (no amulet) Stlth
                     l - ring of fire
HPRegen 0.25/turn    (no ring)
MPRegen 0.08/turn

%: faith
@: no status effects
A: cold resistance 1, negative energy resistance 3, torment resistance 2, heat
vulnerability 1, in touch with death 1, no potions, faith
a: no special abilities


You were on level 3 of the Dungeon.
You visited 1 branch of the dungeon, and saw 3 of its levels.

You collected 151 gold pieces.
You spent 44 gold pieces at shops.

Inventory:

Hand Weapons
 a - a +0 war axe (weapon)
Armour
 b - a +0 scale mail (worn)
 c - a +0 buckler (worn)
 e - a +0 helmet (worn)
 h - a +0 helmet
Jewellery
 l - a ring of fire (left hand)
Scrolls
 d - a scroll of amnesia
 f - a scroll of poison
 g - a scroll of vulnerability {unknown}
 i - 2 scrolls of enchant armour
 j - a scroll of noise
 k - a scroll of enchant weapon {unknown}
 m - a scroll of revelation
 n - 2 scrolls of teleportation {unknown}


   Skills:
 * Level 3.7 Fighting
 + Level 2.5 Axes
 + Level 2.7 Armour
 + Level 2.5 Shields


You had 2 spell levels left.
You didn't know any spells.
Your spell library contained the following spells:

 Spells                   Type           Power      Damage    Failure   Level
 Apportation              Tloc           0%         N/A       85%         1
 Necrotise                Necr           0%         1d4       85%         1
 Summon Small Mammal      Summ           0%         N/A       85%         1
 Tukima's Dance           Hex            0%         N/A       99%         3
 Dimensional Bullseye     Hex/Tloc       0%         N/A       100%        4
 Iskenderun's Mystic Bla  Conj/Tloc      0%         2d3       100%        4


Dungeon Overview and Level Annotations

Branches:
Dungeon (3/15)

Altars:

Shops:
D:3 ?*

Annotations:
D:3 Terence


Innate Abilities, Weirdness & Mutations

You are immune to poison.
Your flesh is cold resistant. (rC+)
You are immune to negative energy. (rN+++)
You are immune to unholy pain and torment.
You are vulnerable to heat. (rF-)
You are in touch with the powers of death.
You do not drink.
You have a special connection with the divine. (Faith)


Message History

The orc barely misses you. You block the orc's attack.
You slash the orc!
You kill the orc!
An orc priest comes into view. It is wielding a +0 hand axe.
The orc hits you from afar with a +0 trident.
The orc completely misses you.
The orc priest looks satisfied for a moment.
The orc barely misses you.
Items here: )) [ †.
You closely miss the orc priest. You slash the orc!
You kill the orc!
The orc priest closely misses you.
You barely miss the orc priest.
The orc priest hits you but does no damage. x2
You barely miss the orc priest. The orc priest barely misses you.
You closely miss the orc priest. The orc priest closely misses you.
You barely miss the orc priest.
The orc priest hits you with a +0 hand axe.
The orc priest closely misses you.
You hit the orc priest but do no damage.
A ball python comes into view.
You block the orc priest's attack.
You hit the orc priest but do no damage.
The orc priest closely misses you.
The orc priest hits you but does no damage.
You slash the orc priest!
The orc priest is heavily wounded.
The orc priest mumbles some strange prayers to Beogh against you.
Beogh smites you!
* * * LOW HITPOINT WARNING * * *
You barely miss the orc priest.
The orc priest is heavily wounded.
The orc priest barely misses you.
You hit the orc priest but do no damage.
The orc priest is heavily wounded.
You barely miss the ball python.
You hear the rusting of a drain nearby.
The ball python closely misses you. x2; The orc priest barely misses you.
The orc priest hits you with a +0 hand axe.
You die...

,,..# #..<.............####**,,*
**### #....#####...........,,,,*
#....#* #.....#.####*****
****#.#...####.....#.#
***,,,...............#.#
,,,,,.............#..#.###
***,#####....###.........#
*,***##..#.....#.......####
******,....$....@o.......##.#####
~~~~~,,.......###S[.###..........
∩~~~~,,##..#.###.....######.#####
~~~~~,,*#.....#.8...8.#####.#####
******,**.......................#
*,*,*,,*#..#.#....⌠....#.##8.8#.#
*,*,*,,*#..#................∩....
,,,,,,,,..,...#.8...8.##..#8.8#.#
,,,,,,,,,,,...##.....###.$#......


You could see an orc priest and a ball python.

Vanquished Creatures
  An adder (D:2)
  A worm (D:2)
  3 orcs (D:3)
  5 endoplasms
  3 giant cockroaches
  9 goblins
  4 hobgoblins
  3 quokkas
  5 ball pythons
  4 bats
  A frilled lizard (D:2)
  4 kobolds
  A rat (D:1)
44 creatures vanquished.

Notes
Turn   | Place    | Note
-------+----------+-------------------------------------------
     0 | D:1      | Inarius the Mummy Fighter began the quest for the Orb.
     0 | D:1      | Reached XP level 1. HP: 18/18 MP: 1/1
   140 | D:1      | Reached XP level 2. HP: 24/24 MP: 2/2
   718 | D:2      | Reached XP level 3. HP: 26/29 MP: 3/3
   869 | D:2      | Found a faded altar of an unknown god.
  1450 | D:3      | Noticed Terence
  1493 | D:3      | Found Donlel's Magic Scroll Shop.
  1544 | D:3      | Found Dong's General Store.
  1550 | D:3      | Bought a scroll of identify for 22 gold pieces
  1550 | D:3      | Bought a scroll of identify for 22 gold pieces
  1588 | D:3      | HP: 1/30 [orc priest/divine providence (12)]
  1590 | D:3      | Slain by an orc priest

Illustrated notes

Levels and vault maps discovered:
D:1:      dpeg_arrival_simpleton_a, layout_loops_ring, grunt_decor_cap
D:2:      layout_basic, ebering_ecumenical_altar_petrified
D:3:      layout_basic, portal_sewer_entry_f, serial_shops,
          nicolae_shop_competitors_out_of_business,
          nicolae_shop_tiny_statue_garden, nicolae_shop_tiny_glass,
          nicolae_shop_peninsula, wad_floor_pattern_untrapped, uniq_terence,
          uniq_sigmund, uniq_ijyb

Skill      XL: |  1  2  3 |
---------------+----------+-----
Axes           | 2 |  2.5
Fighting       | |  3.7
Armour         | |  2.7
Shields        | |  2.5

Action                     || total
---------------------------++-------
  Melee: War axe           ||   121
    Use: Scroll            ||     6
 Armour: Scale mail        ||    87
  Dodge: Dodged            ||    60
  Block: Buckler           ||    30

Table legend: (Time is in decaauts)
 A = Elapsed time spent in this place.
 B = Non-inter-level travel time spent in this place.
 C = Inter-level travel time spent in this place.
 D = Time resting spent in this place.
 E = Time spent auto-exploring this place.
 F = Levels seen in this place.
 G = Mean time per level.
                   A        B        C        D        E       F      G
               +--------+--------+--------+--------+--------+-----+--------+
         Total |   1640 |   1570 |     70 |      0 |   1168 |   3 |  546.7 |
       Dungeon |   1640 |   1570 |     70 |      0 |   1168 |   3 |  546.7 |
               +--------+--------+--------+--------+--------+-----+--------+

Top non-repeatable levels by time:
     D:2: 786 daAuts
     D:1: 733 daAuts
     D:3: 121 daAuts
